 Dungeon Crawl Stone Soup version 0.27.0-1-g7a089689b8 (webtiles) character file.

Game seed: 12883895525393376475

57 garrulousMonolith the Slasher (level 3, -1/28 HPs)
             Began as a Demonspawn Gladiator on Aug 14, 2021.
             Slain by Sigmund (3 damage)
             ... on level 2 of the Dungeon.
             The game lasted 00:01:31 (1281 turns).

garrulousMonolith the Slasher (DsGl)                Turns: 1281, Time: 00:01:32

Health: -1/28      AC:  6    Str: 14    XL:     3   Next: 73%
Magic:  3/3        EV: 12    Int: 10    God:
Gold:   73         SH:  0    Dex: 14    Spells: 2/2 levels left

rFire    . . .     SeeInvis .   a - +0 long sword
rCold    . . .     Faith    .   (no shield)
rNeg     . . .     Spirit   .   b - +0 leather armour
rPois    .         Reflect  .   c - +0 helmet
rElec    .         Harm     .   f - +0 cloak
rCorr    .         Rampage  .   (no gloves)
Will     .....                  (no boots)
Stlth    +.........             (no amulet)
HPRegen  0.09/turn              (no ring)
MPRegen  0.08/turn              (no ring)

@: no status effects
A: claws 1, shaggy fur 1, evolution 1
a: no special abilities


You were on level 2 of the Dungeon.
You visited 1 branch of the dungeon, and saw 2 of its levels.

You collected 73 gold pieces.

Inventory:

Hand Weapons
 a - a +0 long sword (weapon)
Missiles
 d - 3 throwing nets
 k - 12 poisoned darts (quivered)
Armour
 b - a +0 leather armour (worn)
 c - a +0 helmet (worn)
 f - a +0 cloak (worn)
Scrolls
 e - a scroll of teleportation {unknown}
Potions
 i - a potion of flight {unknown}
 j - a potion of ambrosia {unknown}
 l - a potion of attraction {unknown}


   Skills:
 + Level 2.6 Fighting
 * Level 3.5 Long Blades
 - Level 2.0 Throwing
 + Level 3.1 Dodging


You had 2 spell levels left.
You didn't know any spells.
Your spell library was empty.

Dungeon Overview and Level Annotations

Branches:
Dungeon (2/15)

Altars:

Annotations:
D:2 Sigmund


Innate Abilities, Weirdness & Mutations

You have sharp fingernails.
You are covered in fur. (AC +1)
You evolve.


Message History

The endoplasm misses you.
Sigmund the Dreaded comes into view.
He is wielding a +0 scythe.
Sigmund shouts!
The endoplasm hits you but does no damage.
You see here an adder corpse.
You hit the endoplasm.
The endoplasm is almost dead.
The endoplasm freezes you.
You are frozen.
It was a potion of mutation.
You feel extremely strange. Fur sprouts all over your body.
You feel nature experimenting on you.
Don't worry, failures die fast.
The endoplasm closely misses you.
It was a potion of curing.
You feel better.
The endoplasm hits you but does no damage.
Sigmund points at you and mumbles some strange words.
The puff of flame hits you!
You slash the endoplasm!
You kill the endoplasm!
Sigmund completely misses you.
You hit Sigmund.
Sigmund is lightly wounded.
Sigmund barely misses you. Sigmund closely misses you.
You barely miss Sigmund.
Sigmund is lightly wounded.
Sigmund hits you with a +0 scythe.
You hit Sigmund.
Sigmund is moderately wounded.
Sigmund misses you.
You hit Sigmund.
Sigmund is heavily wounded.
Sigmund hits you with a +0 scythe!
* * * LOW HITPOINT WARNING * * *
You slash Sigmund!
Sigmund is severely wounded.
Sigmund hits you but does no damage.
You hit Sigmund.
Sigmund is almost dead.
Sigmund hits you but does no damage. Sigmund hits you with a +0 scythe.
You die...

## .### .. ... #.
..# ... ..
#.##.####
#.#.....
##.###.#..#####.
.<....@@†....)..
...###.#..######
.######.#..#####
#..
>..............#
#.#
#######.##.###..#
#.# #.# .# # #.#
#.# .. #.# #.#
### #.# #.#


You could see Sigmund.

Vanquished Creatures
  2 adders (D:2)
  2 dart slugs (D:1)
  2 bats (D:1)
  5 endoplasms
  2 giant cockroaches (D:1)
  4 goblins (D:1)
  3 hobgoblins
  A quokka (D:2)
  3 ball pythons
  3 frilled lizards
  4 kobolds
  4 rats
35 creatures vanquished.

Notes
Turn   | Place    | Note
-------+----------+-------------------------------------------
     0 | D:1      | garrulousMonolith the Demonspawn Gladiator began the quest
                  | for the Orb.
     0 | D:1      | Reached XP level 1. HP: 16/16 MP: 1/1
   187 | D:1      | Gained mutation: You have sharp fingernails. [demonic
                  | ancestry]
   187 | D:1      | Reached XP level 2. HP: 22/22 MP: 2/2
   916 | D:1      | Reached XP level 3. HP: 28/28 MP: 3/3
  1270 | D:2      | Noticed Sigmund
  1272 | D:2      | Gained mutation: You are covered in fur. (AC +1) [potion of
                  | mutation]
  1272 | D:2      | Gained mutation: You evolve. [potion of mutation]
  1281 | D:2      | Slain by Sigmund

Illustrated notes

Levels and vault maps discovered:
D:1:      dpeg_arrival_concentric_ovals, layout_loops_ring
D:2:      layout_basic, minivault_23, minmay_tromino_v4_c, uniq_robin,
          uniq_sigmund, uniq_terence

Skill      XL: |  1  2 |
---------------+-------+-----
Long Blades    | 3 |  3.5
Throwing       | 2 |  2.0
Dodging        | 3 |  3.1
Fighting       | |  2.6

Action                   || total
-------------------------++-------
Melee: Long sword        ||    93
  Use: Potion            ||     2
Armor: Leather armour    ||    30
Dodge: Dodged            ||    76
       Rpst.: Long sword ||    21
